 Dungeon Crawl Stone Soup version 0.30-a0-860-g512cf1e979 (webtiles) character file.

Game seed: 17153219440232987491

819 Anamonty the Stinger (level 7, 0/45 HPs)
             Began as an Octopode Venom Mage on Mar 7, 2023.
             Was an Initiate of Qazlal.
             Slain by a troll (8 damage)
             ... on level 5 of the Dungeon.
             The game lasted 00:07:38 (3731 turns).

Anamonty the Stinger (Octopode Venom Mage)          Turns: 3731, Time: 00:07:39

Health: 0/45       AC:  1    Str:  9    XL:     7   Next: 95%
Magic:  1/12       EV: 14    Int: 17    God:    Qazlal [......]
Gold:   274        SH:  0    Dex: 13    Spells: 3/13 levels left

rFire   . . .      SeeInvis .    b - +2 whip (venom)
rCold   . . .      Faith    .    (no shield)
rNeg    . . .      Spirit   .    (helmet restricted)
rPois   .          Reflect  .    (no amulet)
rElec   .          Rampage  .    (no ring)
rCorr   .                        (no ring)
Will    .....                    (no ring)
Stlth   +++                      (no ring)
HPRegen 0.27/turn                (no ring)
MPRegen 0.13/turn                (no ring)
                                 (no ring)
                                 (no ring)

@: no status effects
A: almost no armour, amphibious, 8 rings, camouflage 1, gelatinous body 1,
(nimble swimmer 1), tentacles
a: Renounce Religion


You were on level 5 of the Dungeon.
You worshipped Qazlal.
Qazlal was noncommittal.
You visited 2 branches of the dungeon, and saw 6 of its levels.

You collected 274 gold pieces.

Inventory:

Hand Weapons
 b - a +2 whip of venom (weapon)
Jewellery
 m - an amulet of magic regeneration
Wands
 f - a wand of mindburst (5)
 t - a wand of roots (6) (quivered)
Scrolls
 c - a scroll of enchant weapon {unknown}
 d - a scroll of noise
 e - 2 scrolls of torment {unknown}
 g - 4 scrolls of teleportation
 h - a scroll of magic mapping {unknown}
 j - a scroll of blinking {unknown}
 k - a scroll of brand weapon {unknown}
 l - a scroll of fog {unknown}
 o - a scroll of amnesia {unknown}
 p - 2 scrolls of enchant armour {unknown}
Potions
 a - a potion of magic
 i - a potion of berserk rage
 n - a potion of heal wounds
 q - 2 potions of resistance
 r - a potion of mutation
 s - a potion of flight {unknown}
 u - 2 potions of attraction {unknown}


   Skills:
 + Level 2.5 Fighting
 + Level 3.9 Dodging
 - Level 4.0 Stealth
 + Level 2.2 Unarmed Combat
 + Level 3.6 Spellcasting
 + Level 2.4 Transmutations
 * Level 6.9 Poison Magic


You had 3 spell levels left.
You knew the following spells:

 Your Spells              Type           Power      Damage    Failure   Level
a - Sting                 Tmut/Pois      76%        1d6       2%          1
b - Poisonous Vapours     Pois/Air       28%        N/A       6%          2
c - Olgreb's Toxic Radia  Pois           26%        N/A       10%         4
d - Mephitic Cloud        Conj/Pois/Air  10%        N/A       19%         3

Your spell library contained the following spells:

 Spells                   Type           Power      Damage    Failure   Level
 Apportation              Tloc           6%         N/A       16%         1
 Freeze                   Ice            12%        1d3       16%         1
 Frozen Ramparts          Ice            6%         1d1       43%         3
 Hailstorm                Conj/Ice       3%         3d3       43%         3
 Summon Guardian Golem    Hex/Summ       3%         N/A       43%         3
 Alistair's Intoxication  Tmut/Pois      12%        N/A       54%         5
 Orb of Destruction       Conj           1%         9d5       100%        7
 Spellforged Servitor     Conj/Summ      1%         N/A       100%        7


Dungeon Overview and Level Annotations

Branches:
Dungeon (5/15)             Temple (1/1) D:4

Altars:
Ashenzari
Dithmenos
Elyvilon
Fedhas
Makhleb
Nemelex Xobeh
Qazlal
Ru
Trog
Wu Jian
Yredelemnul


Innate Abilities, Weirdness & Mutations

You cannot wear most types of armour.
You are amphibious.
You can wear up to eight rings at the same time.
Your skin changes colour to match your surroundings (Stealth+).
Your rubbery body absorbs attacks. (AC +1, EV +1)
((You are camouflaged when in or above water. (Stealth+)))
You have tentacles for arms and can constrict up to eight enemies at once.


Message History

Casting: Sting (safe; 2% risk of failure)
Confirm with . or Enter, or press ? or * to list all spells.
Aiming: Sting (safe; 2% risk of failure)
Press: ? - help, Shift-Dir - straight line, f/p - troll
Aim: a troll (moderately wounded, confused, poisoned, 91% to hit)
The sting hits the troll.
The troll looks even sicker.
The troll is moderately wounded.
Unknown command.
Casting: Sting (safe; 2% risk of failure)
Confirm with . or Enter, or press ? or * to list all spells.
Aiming: Sting (safe; 2% risk of failure)
Press: ? - help, Shift-Dir - straight line, f/p - troll
Aim: a troll (moderately wounded, confused, very poisoned, 91% to hit)
The sting hits the troll.
The troll looks even sicker.
The troll is moderately wounded.
Unknown command.
You barely miss the troll.
The troll is moderately wounded.
The troll misses you. The troll claws you but does no damage.
The troll barely misses you.
You barely miss the troll.
The troll is moderately wounded.
The troll misses you. x3
You strike the helpless troll from behind!
You hit the troll.
The troll looks as sick as possible!
The troll is heavily wounded.
The troll says, "I'm a little confused."
The troll misses you. The troll claws you. The troll misses you.
You hit the troll.
The troll looks as sick as possible!
You squeeze the troll!
The troll is severely wounded.
You barely miss the troll. You squeeze the troll.
The troll is almost dead.
The troll seems less confused.
The troll bites you!! The troll misses you. The troll claws you.
You hit the troll.
The troll is almost dead.
The troll bites you!
* * * LOW HITPOINT WARNING * * *
The troll claws you!
You die...

... ... #.# #.#
#.# #.# # # #.#
.# #.##<###.# .
####.....@T.#....
..............?..
####.#...###.....
#.##)## #... #
#.# .. #.. . ##.
. .#


You could see a troll (extremely poisoned).

Vanquished Creatures
  Grinder (D:3)
  Sigmund (D:4)
  2 ogres (D:4)
  A howler monkey (D:4)
  Jessica (D:2)
  3 orc wizards (D:3)
  7 adders
  3 worms
  A dart slug (D:4)
  9 orcs
  5 ball pythons
  3 bats
  8 endoplasms
  7 giant cockroaches
  15 goblins
  6 hobgoblins
  3 jackals (D:2)
  6 kobolds
  5 quokkas (D:4)
  2 frilled lizards
  2 rats (D:1)
91 creatures vanquished.

Vanquished Creatures (others)
  3 fungi (D:2)
  4 plants (D:2)
7 creatures vanquished.

Grand Total: 98 creatures vanquished

Notes
Turn   | Place    | Note
-------+----------+-------------------------------------------
     0 | D:1      | Anamonty the Octopode Venom Mage began the quest for the
                  | Orb.
     0 | D:1      | Reached XP level 1. HP: 11/11 MP: 3/3
   171 | D:1      | Reached XP level 2. HP: 16/17 MP: 5/5
   267 | D:1      | Learned a level 2 spell: Poisonous Vapours
   413 | D:1      | Reached skill level 4 in Poison Magic
   898 | D:2      | Reached XP level 3. HP: 12/21 MP: 1/6
  1411 | D:2      | Reached XP level 4. HP: 25/27 MP: 0/7
  1653 | D:2      | Found a faded altar of an unknown god.
  1891 | D:3      | Noticed Jessica
  1902 | D:2      | Killed Jessica
  1903 | D:2      | Reached skill level 5 in Poison Magic
  1974 | D:2      | Learned a level 4 spell: Olgreb's Toxic Radiance
  1994 | D:3      | Reached XP level 5. HP: 31/31 MP: 3/9
  2273 | D:3      | Noticed Grinder
  2426 | D:3      | Reached skill level 1 in Fighting
  2658 | D:2      | Learned a level 3 spell: Mephitic Cloud
  2764 | D:3      | Reached XP level 6. HP: 30/38 MP: 4/10
  2818 | D:3      | Found a basalt altar of Yredelemnul.
  2945 | D:3      | Killed Grinder
  2946 | D:3      | Reached skill level 1 in Unarmed Combat
  2946 | D:3      | Reached skill level 6 in Poison Magic
  3037 | D:4      | Reached XP level 7. HP: 45/45 MP: 3/11
  3099 | D:4      | Noticed Sigmund
  3104 | D:4      | Found a staircase to the Ecumenical Temple.
  3121 | D:4      | Killed Sigmund
  3127 | Temple   | Entered the Ecumenical Temple
  3207 | Temple   | Became a worshipper of Qazlal Stormbringer
  3289 | D:4      | Found a bloodstained altar of Trog.
  3711 | D:5      | Entered Level 5 of the Dungeon
  3713 | D:5      | Noticed a troll
  3731 | D:5      | Slain by a troll

Illustrated notes

Levels and vault maps discovered:
D:1:      sevenhm_arrival_forest_fort_large_3, layout_loops_ring
D:2:      layout_basic, shapermc_ecumenical_altar_mp_ritualfount
D:3:      layout_rooms, yredelemnul_altar_generic, uniq_jessica, uniq_grinder
D:4:      layout_rooms, trog_butcher_becter, minmay_temple_entry_waves,
          nrook_mini_backslash, minmay_misc_feat_iff, minmay_ogre_servants,
          uniq_sigmund
D:5:      layout_loops_corners, lemuel_mausoleum_altar_kikubaaqudgha,
          gammafunk_temple_overflow_statue
Temple:   nicolae_temple_bog_church

Skill      XL: |  1  2  3  4  5  6  7 |
---------------+----------------------+-----
Stealth        | 3 4 |  4.0
Poison Magic   | 4 5 6 |  6.9
Fighting       | 1 2 |  2.5
Dodging        | 3 |  3.9
Spellcasting   | 3 |  3.6
Unarmed Combat | 1 2 |  2.2
Transmutations | 2 |  2.4

Action                     |  1- 3 |  4- 6 |  7- 9 || total
---------------------------+-------+-------+-------++-------
  Melee: Unarmed           |     5 |       |       ||     5
         Whip              |    37 |    35 |    31 ||   103
         Tentacles         |    13 |     9 |     9 ||    31
         Constrict         |    11 |    10 |     6 ||    27
         Punch             |       |     2 |     1 ||     3
   Cast: Sting             |    21 |    31 |     4 ||    56
         Poisonous Vapours |     5 |    12 |     1 ||    18
         Olgreb's Toxic Ra |       |     6 |     5 ||    11
         Mephitic Cloud    |       |       |     2 ||     2
  Evoke: Wand              |       |     3 |       ||     3
    Use: Potion            |     1 |       |     1 ||     2
         Scroll            |     1 |     5 |       ||     6
   Stab: Sleeping          |     5 |       |     5 ||    10
         Confused          |       |       |     1 ||     1
 Armour: Skin              |     2 |     6 |     2 ||    10
  Dodge: Dodged            |    41 |    19 |    20 ||    80

Table legend: (Time is in decaauts)
 A = Elapsed time spent in this place.
 B = Non-inter-level travel time spent in this place.
 C = Inter-level travel time spent in this place.
 D = Time resting spent in this place.
 E = Time spent auto-exploring this place.
 F = Levels seen in this place.
 G = Mean time per level.
                   A        B        C        D        E       F      G
               +--------+--------+--------+--------+--------+-----+--------+
         Total |   3746 |   3624 |    122 |      0 |   2875 |   6 |  624.3 |
       Dungeon |   3648 |   3543 |    105 |      0 |   2803 |   5 |  729.6 |
        Temple |     97 |     80 |     17 |      0 |     72 |   1 |   97.0 |
               +--------+--------+--------+--------+--------+-----+--------+

Top non-repeatable levels by time:
     D:2: 1131 daAuts
     D:3: 989 daAuts
     D:1: 972 daAuts
     D:4: 535 daAuts
  Temple: 97 daAuts
     D:5: 20 daAuts
